 Dungeon Crawl Stone Soup version 0.20.0 (webtiles) character file.

118 BarneyGumball the Cudgeler (level 5, -1/48 HPs)
             Began as a Kobold Berserker on May 27, 2017.
             Was a Believer of Trog.
             Slain by Purgy (3 damage)
             ... on level 3 of the Dungeon.
             The game lasted 00:04:53 (2629 turns).

BarneyGumball the Cudgeler (Kobold Berserker)       Turns: 2629, Time: 00:04:53

Health: -1/48      AC:  2    Str: 20    XL:     5   Next: 23%
Magic:  5/5        EV: 15    Int:  9    God:    Trog [**....]
Gold:   58         SH:  0    Dex: 14    Spells: 4/4 levels left

rFire    . . .     SeeInvis .   a - +0 mace
rCold    . . .     Gourm    .   (shield restricted)
rNeg     . . .     Faith    .   b - +0 animal skin
rPois    .         Spirit   .   (no helmet)
rElec    .         Reflect  .   (no cloak)
rCorr    .         Harm     .   (no gloves)
MR       .....                  (no boots)
Stlth    ..........             (no amulet)
Regen    0.2/turn               (no ring)
MPRegen  0.1/turn               (no ring)

@: berserking, very quick
A: carnivore 3
a: Berserk, Trog's Hand, Burn Spellbooks, Renounce Religion


You were on level 3 of the Dungeon.
You worshipped Trog.
Trog was pleased with you.
You were very full.

You visited 1 branch of the dungeon, and saw 3 of its levels.

You collected 58 gold pieces.

Inventory:

Hand Weapons
 a - a +0 mace (weapon)
Armour
 b - a +0 animal skin (worn)
Jewellery
 d - an uncursed ring of see invisible {unknown}
Wands
 h - a wand of iceblast (6/15)
 o - a wand of flame (17/48)
 p - a wand of iceblast (4/15)
Scrolls
 g - 5 scrolls of identify {unknown}
 k - 2 scrolls of enchant weapon {unknown}
 n - a scroll of immolation {unknown}
 s - a scroll of teleportation {unknown}
Potions
 e - 3 potions of curing {unknown}
 f - a potion of haste {unknown}
 j - a potion of cancellation {unknown}
 l - a potion of lignification {unknown}
 m - 2 potions of brilliance {unknown}
 q - a potion of might {unknown}
Comestibles
 c - 4 meat rations
 i - a royal jelly


   Skills:
 - Level 3.2 Fighting
 + Level 5.0 Maces & Flails
 - Level 1.5 Armour
 - Level 2.4 Dodging


You had 4 spell levels left.
You didn't know any spells.

Dungeon Overview and Level Annotations

Branches:
Dungeon (3/15)

Altars:

Annotations:
D:3 Purgy


Innate Abilities, Weirdness & Mutations

You are small and have problems with some larger weapons.
You are carnivorous and can eat meat at any time.


Message History

You are too injured to fight recklessly!
You are too injured to fight recklessly!
You are too injured to fight recklessly!
You hit Purgy.
Purgy is heavily wounded.
The bat hits you.
* * * LOW HITPOINT WARNING * * *
Purgy closely misses you. x2; Purgy claws you.
* * * LOW HITPOINT WARNING * * *
A red film seems to cover your vision as you go berserk!
You feel yourself moving faster!
You feel mighty! The bat misses you. Purgy bites you.
* * * LOW HITPOINT WARNING * * *
Purgy closely misses you. Purgy claws you but does no damage.
You hit Purgy.
Purgy is heavily wounded.
The bat closely misses you. x2; Purgy bites you.
* * * LOW HITPOINT WARNING * * *
Purgy closely misses you. Purgy claws you.
You die...

#.......##...##.....##
##.####.#######.......
#....# #...#.#. #.####
#...#.#. #.# #...#...
#######.########
######.#
................ ...
#######'######## ##.
#.b@T....# .
..............# #
.#####........# #
#........# #
#........# #
#........# ####
########## #... #...
#...


You could see Purgy and a bat.

Vanquished Creatures
  A gnoll (D:1)
  4 adders (D:2)
  2 oozes
  A worm (D:3)
  2 dart slugs
  An orc (D:3)
  6 bats
  4 giant cockroaches
  9 goblins
  7 hobgoblins
  6 jackals (D:3)
  A kobold (D:2)
  3 frilled lizards
  5 rats
52 creatures vanquished.

Notes
Turn   | Place    | Note
-------+----------+-------------------------------------------
     0 | D:1      | BarneyGumball the Kobold Berserker began the quest for the Orb.
     0 | D:1      | Reached XP level 1. HP: 14/14 MP: 1/1
    33 | D:1      | Reached skill level 3 in Maces & Flails
    33 | D:1      | Reached XP level 2. HP: 8/19 MP: 2/2
   421 | D:1      | Reached XP level 3. HP: 23/23 MP: 3/3
   758 | D:1      | Reached skill level 4 in Maces & Flails
   926 | D:2      | Reached XP level 4. HP: 9/28 MP: 4/4
  1732 | D:2      | Reached ** piety under Trog
  2149 | D:2      | Reached XP level 5. HP: 29/32 MP: 5/5
  2384 | D:3      | Reached skill level 5 in Maces & Flails
  2617 | D:3      | Noticed Purgy
  2629 | D:3      | HP: 2/48 [Purgy (4)]
  2629 | D:3      | Slain by Purgy

Skill      XL: |  1  2  3  4  5 |
---------------+----------------+-----
Maces & Flails | 3 4 5 |  5.0
Fighting       | |  3.2
Armour         | |  1.5
Dodging        | |  2.4

Action                   |  1- 3 |  4- 6 || total
-------------------------+-------+-------++-------
Melee: Mace              |    83 |   108 ||   191
Invok: Berserk           |     1 |     1 ||     2
 Stab: Sleeping          |     1 |     1 ||     2
  Eat: Chunk             |     9 |     6 ||    15
Armor: Animal skin       |     7 |    30 ||    37
Dodge: Dodged            |    67 |   108 ||   175
